 Dungeon Crawl Stone Soup version 0.20-a0-915-gb278767 (webtiles) character file.

12471 M4edhros the Nimble (level 12, -3/94 HPs)
             Began as a Formicid Skald on Mar 25, 2017.
             Was an Elder of Cheibriados.
             Slain by a red ugly thing (22 damage)
             ... on level 11 of the Dungeon.
             The game lasted 00:41:04 (5500 turns).

M4edhros the Nimble (Formicid Skald)                Turns: 5500, Time: 00:41:05

Health: -3/94      AC: 18    Str: 24    XL:     12   Next: 20%
Magic:  17/22      EV: 18    Int: 24    God:    Cheibriados [****..]
Gold:   491        SH:  6    Dex: 23    Spells: 4/15 levels left

rFire    . . .     SeeInvis +   l - +1 flail (protect)
rCold    . . .     Gourm    .   g - +0 buckler
rNeg     . . .     Faith    .   A - +4 scale mail
rPois    +         Spirit   .   (helmet unavailable)
rElec    .         Reflect  .   v - +1 cloak {rPois}
rCorr    .         Harm     .   h - +1 pair of gloves
MR       ++...                  (no boots)
Stlth    +.........             (no amulet)
Regen    0.7/turn               s - ring of protection from magic
MPRegen  0.2/turn               C - ring of magical power

@: shrouded, very slightly contaminated, very slow
A: permanent stasis, dig shafts and tunnels, four strong arms, antennae 3, thin
metallic scales 1, blurry vision 1, low mp 1, regeneration 1, shaggy fur 1,
subdued magic 1
a: Dig, Shaft Self, Bend Time, Temporal Distortion, Slouch, Renounce Religion


You were on level 11 of the Dungeon.
You worshipped Cheibriados.
Cheibriados was greatly pleased with you.
You were very hungry.

You visited 2 branches of the dungeon, and saw 16 of its levels.
You also visited: Sewer.

You collected 601 gold pieces.
You spent 110 gold pieces at shops.

Inventory:

Hand Weapons
 l - a +1 flail of protection (weapon)
 p - a +0 trident
 q - a +0 arbalest of flaming
 t - a +2 dagger of venom
 z - a +0 dire flail
Armour
 b - a +2 leather armour of cold resistance
 g - a +0 buckler (worn)
 h - a +1 pair of gloves (worn)
 v - a +1 cloak of poison resistance (worn)
 A - a +4 scale mail (worn)
 E - a +1 robe of magic resistance
Jewellery
 s - a ring of protection from magic (left hand)
 C - a ring of magical power (right hand)
Wands
 m - a wand of iceblast (7/15)
 r - a wand of digging (21/24)
 u - a wand of flame (11/48)
 w - a wand of lightning (0/15)
 D - a wand of paralysis (0/24)
 F - a wand of iceblast (10/15)
Scrolls
 e - a scroll of holy word {unknown}
 i - a scroll of fear
 j - 6 scrolls of enchant armour
 y - 4 scrolls of remove curse
Potions
 k - 2 potions of flight
Books
 c - a book of Battle

   Spells                             Type                      Level
   a - Infusion                       Charms                       1
   b - Shroud of Golubria             Charms/Translocation         2
   c - Song of Slaying                Charms                       2
   d - Spectral Weapon                Hexes/Charms                 3
   e - Regeneration                   Charms/Necromancy            3
 x - the Compendium of Conjuration
   (You found it on level 12 of the Dungeon)

   Spells                             Type                      Level
   a - Shock                          Conjuration/Air              1
   b - Throw Flame                    Conjuration/Fire             2
   c - Throw Frost                    Conjuration/Ice              2
   d - Sticky Flame                   Conjuration/Fire             4
   e - Lightning Bolt                 Conjuration/Air              5
   f - Bolt of Magma                  Conjuration/Fire/Earth       5
Miscellaneous
 o - a lightning rod (4/4)
Comestibles
 d - 4 bread rations
 f - 5 meat rations
 n - 2 fruits
 B - a royal jelly


   Skills:
 + Level 8.5 Fighting
 - Level 6.5(7.1) Polearms
   Level 4.1(5.9) Staves
 + Level 5.2 Armour
 + Level 9.5 Dodging
 - Level 3.4 Shields
 - Level 2.1 Spellcasting
 - Level 7.0 Hexes
 - Level 6.9 Charms
 - Level 5.4 Necromancy


You had 4 spell levels left.
You knew the following spells:

 Your Spells              Type           Power        Failure   Level  Hunger
a - Infusion              Chrm           ####         1%          1    None
b - Regeneration          Chrm/Necr      ###.......   8%          3    ###....
c - Song of Slaying       Chrm           ####....     1%          2    ##.....
d - Spectral Weapon       Hex/Chrm       ####....     3%          3    ###....
e - Shroud of Golubria    Chrm/Tloc      ##........   10%         2    ##.....


Dungeon Overview and Level Annotations

Branches:
Dungeon (15/15)            Temple (1/1) D:7            Lair (0/6) D:8
    Orc (0/2) D:10
 Vaults: D:13-14     Depths: D:15

Altars:
Cheibriados
Dithmenos
Elyvilon
Fedhas
Gozag
Hepliaklqana
Makhleb
Nemelex Xobeh
Okawaru
Trog
Uskayaw
Xom
Yredelemnul

Shops:
D:4 }=*?

Annotations:
D:7 1 runed door


Innate Abilities, Weirdness & Mutations

You cannot be hasted, slowed, berserked, paralysed or teleported.
You can dig through walls and to a lower floor.
Your four strong arms can wield two-handed weapons with a shield.
You have a pair of large antennae on your head. (SInv)
You are partially covered in thin metallic scales. (AC +2)
Scrolls take you a little longer to read.
Your magical capacity is low. (-10% MP)
Your natural rate of healing is unusually fast.
You are covered in fur. (AC +1)
Your spells are a little easier to cast, but a little less powerful.


Message History

Pain shoots through your body. The red ugly thing bites you!
You are engulfed in flames!
Casting: Regeneration
Confirm with . or Enter, or press ? or * to list all spells.
Space distorts slightly along a thin shroud covering your body.
You are feeling very hungry.
The red ugly thing bites you.
You are engulfed in flames!
* * * LOW HITPOINT WARNING * * *
Unknown command.
Okay, then.
Really read with blurry vision while enemies are nearby? [Y]es or [N]o only, please.
Really read with blurry vision while enemies are nearby?
Okay, then.
Unknown command.
Really read with blurry vision while enemies are nearby?
The red ugly thing bites you.
* * * LOW HITPOINT WARNING * * *
You are engulfed in flames!!
You die...

......>................ {
......[.###.####.....# ........#
#...##.....#
........###(#.##.....############
........'.[........†).((.........
........#####.##.....############
.....(..=...#.##.....#
########.....)########
#.##.##.#@# #.##.###u####... #
#.##.# #(.u...<. { # #.##.#
#.####... # #.##.# #.# # #...(#
#%. # ###### C.. # .... # ...H {


You could see a red ugly thing and a cyclops.

Vanquished Creatures
  2 centaur warriors
  2 two-headed ogres
  A tengu warrior (D:13)
  2 skeletal warriors (D:13)
  An unseen horror (D:12)
  An ugly thing (D:11)
  Pikel (D:7)
  A centaur zombie (D:14)
  A gargoyle (D:12)
  A kobold demonologist (D:10)
  A tengu conjurer (D:13)
  A troll (D:13)
  Prince Ribbit (D:7)
  2 hippogriffs (D:11)
  Sigmund (D:6)
  3 vampire mosquitoes (D:14)
  Menkaure (D:7)
  An acid dragon (D:12)
  A warg (D:10)
  2 orc warriors
  Duvessa (D:5)
  An ice beast (D:6)
  A slave (D:7)
  A sky beast (D:10)
  A black bear (D:11)
  A necrophage (D:12)
  2 ogres
  10 centaurs
  3 phantoms
  2 big kobolds
  4 bullfrogs
  Dowan (D:5)
  2 scorpions
  4 howler monkeys
  4 crimson imps
  2 bullfrog zombies
  2 jellies
  5 hounds
  A quasit (D:5)
  Crazy Yiuf (D:6)
  3 orc wizards
  5 orc priests
  3 bullfrog skeletons
  5 iguanas
  8 worker ants
  A killer bee zombie (D:6)
  A hound skeleton (D:7)
  A howler monkey skeleton (D:5)
  5 adders
  6 gnolls
  2 river rats (Sewer)
  A shadow imp (D:11)
  2 oozes (D:5)
  An adder skeleton (D:4)
  4 worms
  4 dart slugs
  6 leopard geckos
  28 orcs
  4 bats
  4 giant cockroaches
  8 goblins
  9 jackals
  14 kobolds
  5 quokkas
  3 ball pythons
  6 frilled lizards
  A jackal skeleton (D:4)
  A leopard gecko skeleton (D:4)
  A leopard gecko zombie (D:6)
  A quokka zombie (D:7)
  11 rats
230 creatures vanquished.

Vanquished Creatures (others)
  3 spectral weapons
3 creatures vanquished.

Grand Total: 233 creatures vanquished

Notes
Turn   | Place    | Note
-------+----------+-------------------------------------------
     0 | D:1      | M4edhros the Formicid Skald began the quest for the Orb.
     0 | D:1      | Reached XP level 1. HP: 16/16 MP: 3/3
    76 | D:1      | Reached XP level 2. HP: 12/22 MP: 5/5
   203 | D:2      | Found a white marble altar of Elyvilon.
   258 | D:2      | Reached skill level 1 in Staves
   258 | D:2      | Reached skill level 1 in Shields
   258 | D:2      | Reached XP level 3. HP: 17/27 MP: 1/6
   290 | D:2      | Gained mutation: Your magical capacity is low. (-10% MP) [potion of mutation]
   290 | D:2      | Gained mutation: Your mind is acute. (Int +2) [potion of mutation]
   291 | D:2      | Lost mutation: Your magical capacity is low. (-10% MP) [potion of mutation]
   291 | D:2      | Lost mutation: Your mind is acute. (Int +2) [potion of mutation]
   291 | D:2      | Gained mutation: You have large cloven feet. [potion of mutation]
   291 | D:2      | Gained mutation: Your muscles are strong. (Str +2) [potion of mutation]
   291 | D:2      | Gained mutation: Your skin changes colour to match your surroundings (Stealth+). [potion of mutation]
   303 | D:2      | Lost mutation: You have large cloven feet. [potion of mutation]
   303 | D:2      | Lost mutation: Your muscles are strong. (Str +2) [potion of mutation]
   303 | D:2      | Lost mutation: Your skin changes colour to match your surroundings (Stealth+). [potion of mutation]
   303 | D:2      | Gained mutation: Scrolls take you a little longer to read. [potion of mutation]
   303 | D:2      | Gained mutation: You are covered in fur. (AC +1) [potion of mutation]
   303 | D:2      | Gained mutation: You are partially covered in thin metallic scales. (AC +2) [potion of mutation]
   502 | D:3      | Learned a level 3 spell: Regeneration
   505 | D:3      | You fall through a shaft!
   505 | D:4      | Found Osmolum's Assorted Antiques.
   510 | D:4      | Reached XP level 4. HP: 32/33 MP: 7/7
   536 | D:4      | Found Ejuzotach's Magic Scroll Shoppe.
   553 | D:4      | Reached skill level 1 in Necromancy
   617 | D:4      | Noticed an ogre
   635 | D:4      | Killed an ogre
   635 | D:4      | Reached XP level 5. HP: 28/38 MP: 5/8
   763 | D:4      | Found Hexitwau's Gadget Emporium.
   774 | D:4      | Reached XP level 6. HP: 31/44 MP: 9/9
   783 | D:4      | Bought a wand of iceblast (7/15) for 110 gold pieces
   788 | D:4      | Found Omoixam's Jewellery Shoppe.
   842 | D:4      | Found a glowing drain.
   846 | Sewer    | Entered a sewer
   952 | Sewer    | Found a white marble altar of Elyvilon.
  1026 | D:5      | Entered Level 5 of the Dungeon
  1113 | D:5      | Found an opulent altar of Gozag.
  1140 | D:5      | Noticed a phantom
  1154 | D:5      | Killed a phantom
  1154 | D:5      | Reached XP level 7. HP: 41/50 MP: 10/10
  1218 | D:6      | Reached skill level 5 in Necromancy
  1296 | D:6      | Reached skill level 2 in Dodging
  1323 | D:6      | Reached XP level 8. HP: 53/56 MP: 0/11
  1372 | D:6      | Noticed Sigmund
  1386 | D:6      | Killed Sigmund
  1386 | D:6      | Reached skill level 3 in Dodging
  1412 | D:6      | Noticed Prince Ribbit
  1562 | D:6      | Found a runed door.
  1567 | D:6      | Noticed Crazy Yiuf
  1576 | D:6      | Killed Crazy Yiuf
  1576 | D:6      | Reached skill level 4 in Dodging
  1677 | D:7      | Found a runed door.
  1730 | D:7      | Noticed Menkaure
  1736 | D:7      | Killed Menkaure
  1850 | D:6      | Reached skill level 5 in Polearms
  1879 | D:6      | Reached XP level 9. HP: 44/61 MP: 12/12
  1896 | D:6      | Reached skill level 5 in Dodging
  2023 | D:7      | Found a staircase to the Ecumenical Temple.
  2033 | Temple   | Entered the Ecumenical Temple
  2132 | Temple   | Became a worshipper of Cheibriados the Contemplative
  2424 | D:5      | Noticed Dowan
  2425 | D:5      | Noticed Duvessa
  2438 | D:5      | Killed Duvessa
  2451 | D:5      | Killed Dowan
  2506 | D:5      | Reached skill level 6 in Dodging
  2551 | D:5      | Found a sparkling altar of Nemelex Xobeh.
  2563 | D:5      | Found a hazy altar of Hepliaklqana.
  2576 | D:5      | Found a basalt altar of Yredelemnul.
  2581 | D:5      | Found a bloodstained altar of Trog.
  3114 | D:2      | Learned a level 2 spell: Song of Slaying
  3118 | D:2      | Learned a level 3 spell: Spectral Weapon
  3121 | D:2      | Learned a level 2 spell: Shroud of Golubria
  3135 | D:2      | Reached * piety under Cheibriados
  3368 | D:2      | You fall through a shaft!
  3371 | D:3      | You fall through a shaft!
  3374 | D:4      | You fall through a shaft for 3 floors!
  3404 | D:7      | Killed Prince Ribbit
  3404 | D:7      | Reached skill level 1 in Hexes
  3462 | D:7      | Noticed Pikel
  3480 | D:7      | Killed Pikel
  3480 | D:7      | Reached XP level 10. HP: 59/70 MP: 13/13
  3676 | D:8      | Reached ** piety under Cheibriados
  3776 | D:8      | Found a staircase to the Lair.
  3905 | D:10     | Entered Level 10 of the Dungeon
  3964 | D:10     | Reached skill level 7 in Dodging
  3973 | D:10     | Gained mutation: Your spells are a little easier to cast, but a little less powerful. [mutagenic meat]
  3974 | D:10     | Gained mutation: You evolve. [mutagenic meat]
  3975 | D:10     | Gained mutation: Your natural rate of healing is unusually fast. [mutagenic meat]
  3976 | D:10     | Lost mutation: You evolve. [mutagenic meat]
  3977 | D:10     | Gained mutation: Scrolls take you longer to read. [mutagenic meat]
  3978 | D:10     | Lost mutation: Scrolls take you longer to read. [mutagenic meat]
  3983 | D:10     | Found a staircase to the Orcish Mines.
  4070 | D:10     | Noticed a two-headed ogre
  4084 | D:10     | Killed a two-headed ogre
  4084 | D:10     | Reached skill level 5 in Charms
  4101 | D:10     | Noticed a kobold demonologist
  4124 | D:10     | Killed a kobold demonologist
  4124 | D:10     | Reached skill level 5 in Fighting
  4126 | D:10     | Noticed a storm dragon
  4128 | D:10     | You fall through a shaft for 3 floors!
  4159 | D:13     | Noticed a centaur warrior
  4172 | D:13     | Noticed a tengu warrior
  4175 | D:13     | Reached skill level 5 in Hexes
  4190 | D:13     | Killed a centaur warrior
  4197 | D:13     | Killed a tengu warrior
  4197 | D:13     | Reached XP level 11. HP: 39/81 MP: 14/14
  4248 | D:13     | Noticed a skeletal warrior
  4248 | D:13     | Noticed a skeletal warrior
  4249 | D:13     | Noticed a skeletal warrior
  4262 | D:13     | Killed a skeletal warrior
  4262 | D:13     | Reached skill level 8 in Dodging
  4267 | D:13     | Noticed a skeletal warrior
  4323 | D:13     | Killed a skeletal warrior
  4624 | D:13     | You fall through a shaft for 2 floors!
  4624 | D:15     | Entered Level 15 of the Dungeon
  4683 | D:14     | Noticed a centaur warrior
  4723 | D:14     | Killed a centaur warrior
  4723 | D:14     | Reached *** piety under Cheibriados
  4838 | D:11     | Noticed a red ugly thing
  4977 | D:12     | Noticed an unseen horror
  4987 | D:12     | Identified the Compendium of Conjuration
  5027 | D:12     | Killed an unseen horror
  5027 | D:12     | Reached skill level 9 in Dodging
  5337 | D:11     | Noticed a two-headed ogre
  5348 | D:11     | Killed a two-headed ogre
  5348 | D:11     | Reached XP level 12. HP: 90/93 MP: 15/15
  5360 | D:11     | Reached **** piety under Cheibriados
  5414 | D:11     | Reached skill level 5 in Armour
  5445 | D:11     | Gained mutation: Your muscles are strong. (Str +2) [mutagenic meat]
  5446 | D:11     | Gained mutation: Your magical capacity is low. (-10% MP) [mutagenic meat]
  5447 | D:11     | Lost mutation: Your muscles are strong. (Str +2) [mutagenic meat]
  5500 | D:11     | Slain by a red ugly thing

Vault maps used:
D:1:      dpeg_arrival_erosion, minmay_tetromino_t4
D:2:      tso_altar, old_standard_altar
D:3:      kennysheep_six_static_rooms
D:4:      gup_sewer_entry_bowl, serial_shops, kennysheep_mini, shop, shop,
          nicolae_shop_crystal
D:5:      overflow_temple_1_default, grunt_temple_overflow_cloverleaf,
          first_bread, uniq_duvessa
D:6:      uniq_prince_ribbit1, uniq_sigmund, uniq_crazy_yiuf_cottage
D:7:      lemuel_insect_pit, minmay_temple_entry_mist, uniq_pikel, uniq_menkaure
D:8:      lair_entry_dummy
D:9:      palyth_temple_overflow_mages
D:10:     wad_statue_garden, david_orc_3, basic_altar, serial_shops,
          nicolae_shop_competitors_out_of_business, uniq_joseph
D:11:     uniq_harold
D:14:     erik_vaults_1, kennysheep_boxes
D:15:     grunt_enter_depths_magical_seal, nrook_mini_vaults,
          yredelemnul_altar_generic
Temple:   minmay_temple_forest_path
Sewer:    sewer_kobolds

Skill      XL: |  1  2  3  4  5  6  7  8  9 10 11 12 |
---------------+-------------------------------------+-----
Staves         | 1 2 3 4 |  4.1
Shields        | 1 2 3 |  3.4
Necromancy     | 2 3 4 5 |  5.4
Dodging        | 2 4 6 7 9 |  9.5
Polearms       | 5 6 |  6.5
Hexes          | 2 5 7 |  7.0
Fighting       | 3 5 8 |  8.5
Charms         | 6 |  6.9
Armour         | 4 5 |  5.2
Spellcasting   | |  2.1

Action                   |  1- 3 |  4- 6 |  7- 9 | 10-12 || total
-------------------------+-------+-------+-------+-------++-------
Melee: Spear             |    28 |       |       |       ||    28
       Quarterstaff      |    49 |   138 |   240 |       ||   427
       Dagger            |       |       |   144 |   261 ||   405
       Flail             |       |       |    73 |   307 ||   380
 Cast: Infusion          |     2 |       |     1 |       ||     3
       Regeneration      |       |       |    17 |    36 ||    53
       Spectral Weapon   |       |       |       |    16 ||    16
       Shroud of Golubri |       |       |       |    13 ||    13
 Abil: Shaft Self        |     1 |       |     3 |     2 ||     6
       Dig               |       |       |    10 |    25 ||    35
Evoke: Wand              |       |       |    14 |    25 ||    39
  Use: Potion            |     6 |       |     5 |     5 ||    16
       Scroll            |     4 |     1 |     2 |     9 ||    16
 Stab: Sleeping          |       |       |     2 |     1 ||     3
       Paralysed         |       |       |       |    19 ||    19
       Distracted        |       |       |       |     3 ||     3
  Eat: Chunk             |       |     1 |    15 |    19 ||    35
       Royal jelly       |       |       |       |     2 ||     2
       Bread ration      |       |       |       |     1 ||     1
Armor: Leather armour    |     6 |    23 |   114 |       ||   143
       Skin              |       |       |    29 |       ||    29
       Robe              |       |       |       |   127 ||   127
       Scale mail        |       |       |       |    30 ||    30
Dodge: Dodged            |    38 |    54 |   272 |   525 ||   889
Block: Buckler           |     2 |    12 |    78 |   174 ||   266
